 Dungeon Crawl Stone Soup version 0.29.1-2-gbd0b4ee654 (webtiles) character file.

Game seed: 14573619593399112233

144197 DemonSlayer the Eclecticist (level 16, -1/150 (162) HPs)
             Began as a Demonspawn Fire Elementalist on Nov 27, 2022.
             Was the Champion of Makhleb.
             Slain by a +3 double sword of draining (15 damage)
             ... on level 2 of the Elven Halls.
             The game lasted 02:16:49 (41262 turns).

DemonSlayer the Eclecticist (DsFE)                 Turns: 41262, Time: 02:16:50

HP:   -1/150 (162)  AC: 20    Str: 13    XL:     16   Next: 84%
MP:   4/44          EV: 19    Int: 20    God:    Makhleb [******]
Gold: 6600          SH: 11    Dex: 18    Spells: 2/46 levels left

rFire   + . .      SeeInvis .   X - +9 rapier "Deniup" {flame, Dex+4}
rCold   . . .      Faith    .   U - +0 buckler
rNeg    . . .      Spirit   .   I - +4 troll leather armour
rPois   .          Reflect  +   W - +2 hat
rElec   .          Harm     .   i - +1 cloak "Tuppakk" {rF+ Regen+}
rCorr   .          Rampage  +   f - +1 pair of gloves
Will    +....                   Z - +1 pair of boots {rampage}
Stlth   ..........              u - amulet of reflection
HPRegen 1.95/turn               g - ring of magical power
MPRegen 0.29/turn               r - +4 ring of evasion

@: berserking, drained, very quick
A: horns 2, thin metallic scales 2, foul stench 2, demonic magic 2
a: Renounce Religion, Minor Destruction, Lesser Servant of Makhleb, Major
Destruction, Greater Servant of Makhleb


You were on level 2 of the Elven Halls.
You worshipped Makhleb.
Makhleb was exalted by your worship.
You visited 5 branches of the dungeon, and saw 26 of its levels.

You collected 8974 gold pieces.
You spent 2374 gold pieces at shops.

Inventory:

Hand Weapons
 G - a +1 demon whip of venom
 X - the +9 rapier "Deniup" (weapon) {flame, Dex+4}
   (You found it on level 15 of the Dungeon)

   It burns those it strikes, dealing additional fire damage.
   Dex:       It affects your dexterity (+4).
Missiles
 B - 6 throwing nets
 R - 7 curare-tipped darts
Armour
 f - a +1 pair of gloves (worn)
 i - the +1 cloak "Tuppakk" (worn) {rF+ Regen+}
   (You found it on level 1 of the Orcish Mines)

   rF:        It protects you from fire.
   Regen:     It increases your rate of health regeneration.
 I - a +4 troll leather armour (worn)
 Q - the +5 plate armour of Supple Strength {Str+4 SInv}
   (You found it on level 2 of the Swamp)

   Str:       It affects your strength (+4).
   SInv:      It lets you see invisible.
 U - a +0 buckler (worn)
 W - a +2 hat (worn)
 Z - a +1 pair of boots of rampaging (worn)
Jewellery
 g - a ring of magical power (left hand)
 k - an amulet of guardian spirit
 p - a ring of protection from cold
 r - a +4 ring of evasion (right hand)
 u - an amulet of reflection (around neck)
 A - a ring of flight
 L - a ring of resist corrosion
Wands
 x - a wand of acid (6)
 y - a wand of roots (31)
 C - a wand of paralysis (1)
 J - a wand of digging (6)
 T - a wand of flame (34)
 V - a wand of mindburst (17)
Scrolls
 a - 6 scrolls of amnesia
 b - a scroll of torment
 c - 11 scrolls of noise
 d - 5 scrolls of magic mapping
 e - 3 scrolls of blinking
 j - 6 scrolls of teleportation
 o - 2 scrolls of summoning
 q - 2 scrolls of immolation
 t - a scroll of enchant weapon
 v - 2 scrolls of vulnerability
 D - 3 scrolls of fear
 H - 5 scrolls of poison
 N - a scroll of silence
 P - 7 scrolls of butterflies
 S - a scroll of identify
Potions
 h - a potion of might
 l - 3 potions of brilliance
 m - 5 potions of lignification
 n - 5 potions of magic
 s - a potion of attraction
 w - 7 potions of curing
 z - 5 potions of flight
 E - 7 potions of mutation
 F - 2 potions of ambrosia
 K - a potion of berserk rage
 M - 2 potions of invisibility
 O - 4 potions of haste
Miscellaneous
 Y - a lightning rod (4/4)


   Skills:
 + Level 4.8 Fighting
 + Level 7.4 Short Blades
 + Level 0.3(4.5) Long Blades
 + Level 0.5 Ranged Weapons
 + Level 1.2 Throwing
 + Level 4.8 Armour
 + Level 6.6 Dodging
 + Level 12.8 Stealth
 + Level 5.4 Shields
 + Level 15.7 Spellcasting
 + Level 8.6 Conjurations
 + Level 0.6 Hexes
 + Level 12.6 Fire Magic
 + Level 8.1 Earth Magic
 + Level 2.3 Evocations


You had 2 spell levels left.
You knew the following spells:

 Your Spells              Type           Power      Damage    Failure   Level
a - Foxfire               Conj/Fire      100%       2x1d9     1%          1
b - Scorch                Fire           100%       2d10      1%          2
c - Conjure Flame         Conj/Fire      55%        6-21      1%          3
d - Flame Wave            Conj/Fire      55%        2d13      1%          4
e - Fulminant Prism       Conj/Hex       17%        3d11      9%          4
f - Iskenderun's Mystic   Conj/Tloc      33%        2d8       11%         4
g - Inner Flame           Hex/Fire       42%        N/A       1%          3
h - Stone Arrow           Conj/Erth      98%        3d13      1%          3
i - Mephitic Cloud        Conj/Pois/Air  27%        N/A       6%          3
j - Swiftness             Air            15%        N/A       19%         3
k - Ozocubu's Refrigerat  Ice            7%         4d9       100%        7
l - Olgreb's Toxic Radia  Pois           15%        N/A       52%         4
m - Tukima's Dance        Hex            18%        N/A       14%         3

Your spell library contained the following spells:

 Spells                   Type           Power      Damage    Failure   Level
 Magic Dart               Conj           100%       1d8       1%          1
 Sandblast                Erth           96%        2d20      1%          1
 Passwall                 Tmut/Erth      26%        N/A       1%          2
 Static Discharge         Conj/Air       33%        3-8/arc   1%          2
 Beastly Appendage        Tmut           30%        N/A       6%          1
 Freeze                   Ice            60%        1d8       6%          1
 Ensorcelled Hibernation  Hex/Ice        34%        N/A       9%          2
 Call Imp                 Summ           15%        N/A       10%         2
 Wereblood                Tmut           15%        N/A       10%         2
 Lee's Rapid Deconstruct  Erth           24%        3d14*     6%          5
 Hailstorm                Conj/Ice       33%        3d8       11%         4
 Frozen Ramparts          Ice            30%        1d5       19%         3
 Spider Form              Tmut/Pois      15%        N/A       19%         3
 Vampiric Draining        Necr           15%        2d7       19%         3
 Lightning Bolt           Conj/Air       16%        1d30      28%         5
 Borgnjor's Vile Clutch   Necr/Erth      16%        N/A       32%         5
 Anguish                  Hex/Necr       8%         N/A       47%         4
 Airstrike                Air            7%         2d(2-18)  52%         4
 Passage of Golubria      Tloc           15%        N/A       52%         4
 Summon Ice Beast         Ice/Summ       15%        N/A       52%         4
 Summon Lightning Spire   Summ/Air       15%        N/A       52%         4
 Summon Mana Viper        Hex/Summ       17%        N/A       83%         5
 Yara's Violent Unravell  Hex/Tmut       8%         3d5       83%         5
 Alistair's Intoxication  Tmut/Pois      10%        N/A       86%         5
 Ignition                 Fire           30%        3d10      92%         8
 Eringya's Noxious Bog    Tmut/Pois      7%         N/A       100%        6
 Simulacrum               Ice/Necr       7%         N/A       100%        6
 Enfeeble                 Hex            9%         N/A       100%        7
 Monstrous Menagerie      Summ           7%         N/A       100%        7
 Maxwell's Capacitive Co  Air            7%         ∞         100%        8


Dungeon Overview and Level Annotations

Branches:
Dungeon (15/15)            Temple (0/1) D:6            Lair (5/5) D:11
  Swamp (2/4) Lair:2        Snake (0/4) Lair:3        Slime (0/5) Lair:4
    Orc (2/2) D:10            Elf (2/3) Orc:2        Vaults (0/5) D:14
 Depths (0/4) D:15

Altars:
Ashenzari
Dithmenos
Fedhas
Hepliaklqana
Makhleb
Okawaru
Qazlal
Ru
Sif Muna
Trog
Xom
Yredelemnul
Jiyva

Shops:
D:3 [   D:8 [   D:10 !   Orc:1 (*   Orc:2 *[*(

Portals:
Trove: Elf:1 (give +7 demon whip)

Annotations:
Swamp:2 1 transporter
Elf:1 1 runed translucent door, Lutefisk's ghost, adept TeAE


Innate Abilities, Weirdness & Mutations

You have a pair of horns on your head.
You are mostly covered in thin metallic scales. (AC +3)
You sometimes emit foul miasma when damaged in melee.
Spells you cast may paralyse nearby enemies.


Message History

The +6 vorpal war axe hits you!
* * * LOW HITPOINT WARNING * * *
Unknown command.
The +3 double sword of draining attacks as you move away!
The +3 double sword of draining misses you.
The +3 double sword of draining hits you.
* * * LOW HITPOINT WARNING * * *
You feel drained.
You see here a +0 dagger of venom.
A red film seems to cover your vision as you go berserk!
You feel yourself moving faster!
You feel mighty!
The +3 double sword of draining hits you!
* * * LOW HITPOINT WARNING * * *
You feel drained.
* * * LOW HITPOINT WARNING * * *
You hit the +3 double sword of draining but do no damage.
You block the +3 double sword of draining's attack.
You puncture the +3 double sword of draining!
Your headbutt misses the +3 double sword of draining.
The +3 double sword of draining is moderately damaged.
You block the +3 double sword of draining's attack.
You puncture the +3 double sword of draining!
Your headbutt misses the +3 double sword of draining.
The +3 double sword of draining is severely damaged.
You barely miss the +3 double sword of draining.
The +3 double sword of draining is severely damaged.
You block the +3 double sword of draining's attack.
You hit the +3 double sword of draining.
The +3 double sword of draining is severely damaged.
The +3 double sword of draining hits you!!
* * * LOW HITPOINT WARNING * * *
You feel drained.
* * * LOW HITPOINT WARNING * * *
You emit a cloud of foul miasma!
Unknown command.
You hit the +3 double sword of draining but do no damage.
You headbutt the +3 double sword of draining, but do no damage.
The +3 double sword of draining is severely damaged.
The +3 double sword of draining hits you!
You die...

*,,,,,,,,,#....#...## ##.###.# ##
,*,,,,,,,#......#...# ##.##.###.
,,*,,,,,*........#..# ##.#.##.#
,,,*,,,*,.........#.# ###..#.##
,,,,***,,..........######..#..###
,,,,* *,,..........# #...........
,,,,***,,..........###.#....##.##
,,,*,,,*,.........#.##.#....###).
,,*,,,,,*.......@#..##.#....# #[.
,*,,,,,,,#......#(..###.....###..
*,,,,,,,,.#....#)..###...)..)..).
,,,,,,,,,..#..#)..## ####.#####..
,,,,,,,,,...##...## ##.## #..
,,,,,,,,,..,*#...** ##.###..
,,,,,,,,,.,*,.#..,** ##.####
*,,,,,,,,,*,...#.,,** ##....
,*,,,,,,,*,.....#,,,* #####


You could see a +3 double sword of draining.

Vanquished Creatures
  Frances (Swamp:1)
  A thorn hunter (Swamp:1)
  The ghost of mydica the Warrior, a journeyman HOFi of the Shining One (D:15)
  An orc warlord (Orc:1)
  A fire giant (D:15)
  Louise (D:15)
  A stone giant (Orc:1)
  2 bunyips (Swamp:1)
  A dire elephant (Lair:5)
  An ettin (Orc:1)
  Josephine (D:11)
  2 vault guards (D:14)
  Fannar (Lair:3)
  Harold (Lair:2)
  A centaur warrior (D:15)
  4 ogre magi
  A catoblepas (Lair:4)
  8 hydras
  5 boulder beetles
  10 two-headed ogres
  4 alligators
  6 death yaks
  7 dancing weapons
  11 orc high priests
  3 spriggans
  2 deep elf knights (Elf:2)
  Sonja (Lair:2)
  Nergalle (D:11)
  Amaemon (Lair:2)
  4 goliath frogs
  2 lindwurms (Lair:5)
  Pikel (D:5)
  2 wizards (D:14)
  2 deep elf archers (Elf:1)
  A harpy (shapeshifter) (Elf:2)
  2 bog bodies
  2 necromancers (D:14)
  5 orc knights (Orc:1)
  18 deep elf pyromancers
  12 deep elf zephyrmancers
  4 orc sorcerers
  17 ugly things
  8 cyclopes
  3 manticores (D:13)
  Maurice (Orc:1)
  17 elephants
  An orange demon (Lair:2)
  3 will-o-the-wisps
  7 black mambas
  2 molten gargoyles (D:14)
  A guardian serpent (Lair:3)
  3 torpor snails
  12 cane toads
  2 gargoyles
  Maggie (Lair:2)
  An unseen horror (D:11)
  Psyche (D:11)
  5 komodo dragons
  6 yaktaurs
  5 rime drakes
  A tengu conjurer (D:14)
  A bloated husk (Swamp:1)
  3 trolls
  4 hornets
  6 tyrant leeches
  4 polar bears
  19 slime creatures
  2 dream sheep (Lair:5)
  13 blink frogs
  An air elemental (Elf:2)
  2 shadows
  6 wraiths (D:11)
  50 yaks
  A vampire (D:13)
  3 water elementals (Elf:1)
  5 wyverns
  2 fire elementals (Elf:1)
  3 basilisks
  Eustachio (D:4)
  15 humans (D:14)
  5 vampire mosquitoes
  10 wargs
  9 swamp worms
  4 acid dragons
  14 water moccasins
  Duvessa (D:5)
  37 orc warriors
  2 swamp drakes (Swamp:1)
  2 black bears
  An ice beast (D:4)
  A sky beast (D:8)
  8 ogres
  23 wolves
  7 centaurs
  A phantom (D:6)
  17 bullfrogs
  3 kobold brigands (D:10)
  An earth elemental (Elf:1)
  A necrophage (D:5)
  8 wights (D:8)
  2 scorpions
  Dowan (D:5)
  6 killer bees (D:7)
  8 howler monkeys
  13 jellies
  5 lava snakes (D:14)
  Crazy Yiuf (D:4)
  A gnoll bouda (D:10)
  6 hounds
  47 orc priests
  5 iguanas
  Natasha (thrice) (D:4)
  31 orc wizards
  4 hell rats (Lair:4)
  7 gnolls
  4 adders
  2 shadow imps
  3 white imps
  2 worms (D:2)
  2 dart slugs
  112 orcs
  6 bats
  8 endoplasms
  A giant cockroach (D:2)
  5 goblins
  5 hobgoblins
  4 quokkas
  5 ball pythons
  3 frilled lizards
  2 goblin skeletons (D:7)
  A hobgoblin zombie (D:7)
  21 kobolds
  A kobold skeleton (D:7)
  2 kobold zombies (D:7)
  2 orc zombies (D:7)
  3 rats
  A spectral orc (D:9)
864 creatures vanquished.

Vanquished Creatures (others)
  A deep elf knight (Elf:1)
  A deep elf pyromancer (Elf:2)
  A wizard (D:6)
  A bush (Lair:2)
  153 foxfires
  23 fungi
  30 plants
210 creatures vanquished.

Grand Total: 1074 creatures vanquished

Notes
Turn   | Place    | Note
-------+----------+-------------------------------------------
     0 | D:1      | DemonSlayer the Demonspawn Fire Elementalist began the
                  | quest for the Orb.
     0 | D:1      | Reached XP level 1. HP: 13/13 MP: 3/3
   291 | D:1      | Gained mutation: You are partially covered in thin metallic
                  | scales. (AC +2) [demonic ancestry]
   291 | D:1      | Reached XP level 2. HP: 19/19 MP: 3/5
   294 | D:1      | Learned a level 2 spell: Scorch
  1013 | D:2      | Found a faded altar of an unknown god.
  1059 | D:2      | Found a broken altar of Ashenzari.
  1067 | D:2      | Gained mutation: You may rarely emit foul miasma when
                  | damaged in melee. [demonic ancestry]
  1067 | D:2      | Reached XP level 3. HP: 24/24 MP: 6/6
  2040 | D:2      | Learned a level 3 spell: Conjure Flame
  2170 | D:3      | Found a hazy altar of Hepliaklqana.
  2375 | D:3      | Reached XP level 4. HP: 30/30 MP: 8/8
  2466 | D:3      | Found a sacrificial altar of Ru.
  2484 | D:3      | Found a shadowy altar of Dithmenos.
  2596 | D:3      | Found Orphepsep's Armour Shop.
  2601 | D:3      | Bought a +0 cloak for 54 gold pieces
  2601 | D:3      | Bought a +1 pair of boots for 138 gold pieces
  2710 | D:3      | Found a shimmering altar of Xom.
  3159 | D:4      | Noticed Eustachio
  3280 | D:4      | Noticed a scorpion
  3284 | D:4      | Killed a scorpion
  3285 | D:4      | Reached skill level 3 in Spellcasting
  3289 | D:4      | Reached XP level 5. HP: 35/35 MP: 6/9
  3412 | D:4      | Killed Eustachio
  3413 | D:4      | Reached skill level 1 in Armour
  3413 | D:4      | Gained mutation: You have a pair of small horns on your
                  | head. [demonic ancestry]
  3413 | D:4      | Reached XP level 6. HP: 41/41 MP: 5/11
  3640 | D:4      | Found a burning altar of Makhleb.
  3643 | D:4      | Reached skill level 4 in Spellcasting
  3713 | D:4      | Found a runed translucent door.
  3714 | D:4      | Noticed Crazy Yiuf
  3740 | D:4      | Noticed an ice beast
  3747 | D:4      | Killed an ice beast
  3988 | D:4      | Reached skill level 5 in Fire Magic
  4017 | D:4      | Noticed Natasha
  4024 | D:4      | Killed Natasha
  4337 | D:4      | Identified 3 scrolls of acquirement
  4339 | D:4      | Acquired 1074 gold pieces
  4342 | D:4      | Acquired 1182 gold pieces
  4344 | D:4      | Acquired 636 gold pieces
  4497 | D:4      | Killed Crazy Yiuf
  4498 | D:4      | Reached skill level 1 in Fighting
  4498 | D:4      | Gained mutation: Spells you cast may paralyse adjacent
                  | enemies. [demonic ancestry]
  4498 | D:4      | Reached XP level 7. HP: 48/48 MP: 14/14
  4556 | D:5      | Entered Level 5 of the Dungeon
  4611 | D:4      | Became a worshipper of Makhleb the Destroyer
  4693 | D:5      | Noticed Duvessa
  4694 | D:5      | Noticed Pikel
  4750 | D:4      | Noticed Natasha
  4755 | D:4      | Killed Natasha
  4932 | D:4      | Noticed Natasha
  4937 | D:4      | Killed Natasha
  4938 | D:4      | Reached skill level 5 in Spellcasting
  5149 | D:5      | Noticed Dowan
  5158 | D:5      | Killed Duvessa
  5159 | D:5      | Gained mutation: You sometimes emit foul miasma when
                  | damaged in melee. [demonic ancestry]
  5159 | D:5      | Reached XP level 8. HP: 39/54 MP: 10/16
  5160 | D:5      | Killed Dowan
  5161 | D:5      | Reached skill level 6 in Spellcasting
  5343 | D:5      | Identified the +1 buckler "Maclecs" {Harm *Corrode Int+4}
  5430 | D:5      | Killed Pikel
  5431 | D:5      | Reached skill level 1 in Short Blades
  5729 | D:5      | Learned a level 4 spell: Flame Wave
  5735 | D:5      | Learned a level 4 spell: Fulminant Prism
  5740 | D:5      | Learned a level 4 spell: Iskenderun's Mystic Blast
  5823 | D:6      | Found a bloodstained altar of Trog.
  5828 | D:6      | Noticed a wizard
  5831 | D:6      | Killed a wizard
  6089 | D:6      | Acquired 1271 gold pieces
  6253 | D:6      | Found a blossoming altar of Fedhas.
  6327 | D:6      | Found a staircase to the Ecumenical Temple.
  6478 | D:6      | Reached skill level 7 in Spellcasting
  6805 | D:6      | Learned a level 3 spell: Inner Flame
  6871 | D:7      | Reached XP level 9. HP: 59/59 MP: 19/19
  6871 | D:7      | Reached * piety under Makhleb
  8228 | D:7      | Reached skill level 1 in Shields
  8570 | D:8      | Found a stormy altar of Qazlal.
  8681 | D:8      | Found a shimmering blue altar of Sif Muna.
  8816 | D:8      | Found Tegrad's Antique Armour Emporium.
  8823 | D:8      | Bought a runed leather armour for 125 gold pieces
  8937 | D:8      | Reached ** piety under Makhleb
  8942 | D:8      | Reached skill level 5 in Stealth
  9035 | D:8      | Reached skill level 8 in Spellcasting
  9765 | D:9      | Found a basalt altar of Yredelemnul.
  9825 | D:9      | Reached XP level 10. HP: 66/66 MP: 22/22
 10347 | D:10     | Entered Level 10 of the Dungeon
 10349 | D:10     | Noticed a gargoyle
 10358 | D:10     | Killed a gargoyle
 10663 | D:10     | Noticed a two-headed ogre
 10668 | D:10     | Killed a two-headed ogre
 10807 | D:10     | Found Kala's Distillery.
 10815 | D:10     | Bought a potion of mutation for 104 gold pieces
 10815 | D:10     | Bought a potion of curing for 39 gold pieces
 10815 | D:10     | Bought a potion of magic for 104 gold pieces
 10815 | D:10     | Bought 2 potions of heal wounds for 130 gold pieces
 10934 | D:10     | Found an iron altar of Okawaru.
 10994 | D:10     | Found a staircase to the Orcish Mines.
 11016 | D:10     | Reached skill level 9 in Spellcasting
 11108 | D:10     | Reached *** piety under Makhleb
 11234 | Orc:1    | Entered Level 1 of the Orcish Mines
 11234 | Orc:1    | Noticed an orc knight
 11234 | Orc:1    | Noticed an orc high priest
 11234 | Orc:1    | Noticed an ogre mage
 11234 | Orc:1    | Noticed a two-headed ogre
 11234 | Orc:1    | Found Uwki's Weapon Shop.
 11237 | Orc:1    | Noticed an orc knight
 11238 | Orc:1    | Noticed an orange demon
 11241 | Orc:1    | Noticed an ogre mage
 11244 | Orc:1    | Noticed a two-headed ogre
 11572 | D:10     | Killed a two-headed ogre
 11604 | D:11     | Noticed a cyclops
 11609 | D:11     | Noticed Psyche
 11613 | D:11     | Killed a cyclops
 11619 | D:11     | Killed Psyche
 11626 | D:11     | Noticed a two-headed ogre
 11722 | D:11     | Killed a two-headed ogre
 11723 | D:11     | Reached XP level 11. HP: 72/72 MP: 24/24
 11784 | D:11     | Noticed a brown ugly thing
 11791 | D:11     | Killed a brown ugly thing
 11799 | D:11     | Noticed a boulder beetle
 11819 | D:11     | Reached skill level 1 in Evocations
 11819 | D:11     | HP: 2/72 [boulder beetle (41)]
 11829 | D:11     | Noticed Nergalle
 12331 | D:12     | Reached skill level 10 in Spellcasting
 12531 | D:12     | Found an iron altar of Okawaru.
 12531 | D:12     | Noticed a four-headed hydra
 12540 | D:12     | Killed a four-headed hydra
 12933 | D:12     | Reached skill level 11 in Spellcasting
 12933 | D:12     | Reached skill level 10 in Fire Magic
 13307 | D:12     | Learned a level 3 spell: Stone Arrow
 13421 | D:11     | Noticed a death yak
 13422 | D:11     | Noticed a death yak
 13423 | D:11     | Noticed a death yak
 13426 | D:11     | Noticed an eight-headed hydra
 13427 | D:11     | Reached **** piety under Makhleb
 13450 | D:12     | Killed a death yak
 13946 | D:11     | Killed an eight-headed hydra
 13947 | D:11     | Gained mutation: Spells you cast may paralyse nearby
                  | enemies. [demonic ancestry]
 13947 | D:11     | Reached XP level 12. HP: 79/79 MP: 27/27
 13964 | D:11     | Noticed Josephine
 13969 | D:11     | Killed Nergalle
 13974 | D:11     | Killed Josephine
 14195 | D:11     | Found a staircase to the Lair.
 14377 | D:11     | Killed a boulder beetle
 14406 | D:11     | Killed a death yak
 14413 | D:11     | Killed a death yak
 14668 | D:11     | Noticed an angel
 14732 | Lair:1   | Entered Level 1 of the Lair of Beasts
 15364 | Lair:1   | Reached skill level 12 in Spellcasting
 15609 | Lair:1   | Reached skill level 1 in Earth Magic
 15857 | Lair:2   | Noticed a six-headed hydra
 16028 | Lair:2   | Noticed Amaemon
 16028 | Lair:2   | Noticed a boulder beetle
 17339 | D:14     | Reached XP level 13. HP: 85/85 MP: 29/29
 17343 | D:14     | Reached ***** piety under Makhleb
 17545 | D:14     | Reached skill level 5 in Short Blades
 17597 | D:14     | Found a gate to the Vaults.
 18477 | D:14     | Reached skill level 13 in Spellcasting
 18904 | D:15     | Entered Level 15 of the Dungeon
 19164 | D:15     | Identified the +9 rapier "Deniup" {flame, Dex+4}
 19585 | D:15     | Found a runed translucent door.
 19589 | D:15     | Noticed mydica's ghost (journeyman HOFi)
 19638 | D:15     | Identified the +5 war axe of Uncomfortable Rashes {venom,
                  | rC+ Dex+3}
 19647 | D:15     | Found a staircase to the Depths.
 19647 | D:15     | Noticed a fire giant
 19708 | D:15     | Reached skill level 10 in Stealth
 20056 | D:15     | Gained mutation: You have a pair of horns on your head.
                  | [demonic ancestry]
 20056 | D:15     | Reached XP level 14. HP: 88/93 MP: 31/31
 20171 | D:15     | Killed a fire giant
 20508 | D:15     | Noticed Louise
 20529 | D:15     | Killed Louise
 20749 | D:15     | Acquired 928 gold pieces
 21061 | Lair:2   | Noticed Maggie
 21082 | Lair:2   | Killed Maggie
 21387 | Lair:2   | Killed Amaemon
 21894 | Lair:2   | Found a staircase to the Swamp.
 21905 | Lair:2   | Noticed Harold
 21920 | Lair:2   | Killed Harold
 21936 | Lair:2   | Reached skill level 14 in Spellcasting
 21940 | Lair:2   | Reached ****** piety under Makhleb
 22159 | Lair:2   | Noticed Sonja
 22168 | Lair:2   | Killed Sonja
 22819 | Lair:3   | Reached skill level 5 in Dodging
 23133 | Lair:3   | Found a staircase to the Snake Pit.
 23582 | Lair:3   | Noticed Fannar
 23604 | Lair:3   | Killed Fannar
 23605 | Lair:3   | Reached skill level 5 in Conjurations
 24338 | Lair:4   | Found a transporter.
 24449 | Lair:4   | Found a transporter.
 24734 | Lair:4   | Found a staircase to the Slime Pits.
 24817 | Lair:4   | Found a viscous altar of Jiyva.
 25038 | Lair:4   | Gained mutation: You are mostly covered in thin metallic
                  | scales. (AC +3) [demonic ancestry]
 25038 | Lair:4   | Reached XP level 15. HP: 100/100 MP: 6/33
 25612 | Lair:5   | Entered Level 5 of the Lair of Beasts
 25643 | Lair:5   | Identified the ring of Abstinence {Ice *Corrode Will+++
                  | MP-9 Str+6}
 25678 | Lair:5   | Reached skill level 5 in Earth Magic
 27240 | Lair:5   | Reached skill level 1 in Throwing
 27792 | Orc:1    | Paralysed by something for 4 turns
 28674 | Orc:1    | Found Noliulid's General Store.
 28684 | Orc:1    | Noticed Maurice
 28692 | Orc:1    | Killed Maurice
 28717 | Orc:1    | Noticed an orc warlord
 28732 | Orc:1    | Killed an orc warlord
 28890 | Orc:1    | Bought a scroll of acquirement for 832 gold pieces
 28890 | Orc:1    | Acquired 1283 gold pieces
 28975 | Orc:1    | Found a transporter.
 29231 | Orc:1    | Found a transporter.
 29321 | Orc:1    | Identified the +1 cloak "Tuppakk" {rF+ Regen+}
 29430 | Orc:1    | Got the Secrets of Sinister Liturgies and Transformation
 29456 | Orc:1    | Learned a level 3 spell: Mephitic Cloud
 29478 | Orc:2    | Entered Level 2 of the Orcish Mines
 30483 | Orc:2    | Found Tyrif's Armour Shoppe.
 30483 | Orc:2    | Found Erchier's Assorted Antiques.
 30499 | Orc:2    | Bought a potion of mutation for 184 gold pieces
 30499 | Orc:2    | Bought a scroll of poison for 92 gold pieces
 31213 | Orc:2    | Found Urajem's General Store.
 31309 | Orc:2    | Bought a potion of heal wounds for 60 gold pieces
 31309 | Orc:2    | Bought 2 potions of curing for 72 gold pieces
 31309 | Orc:2    | Bought 3 scrolls of butterflies for 144 gold pieces
 31314 | Orc:2    | Found Plog's Weapon Shoppe.
 31607 | Orc:2    | Found a staircase to the Elven Halls.
 31688 | Orc:2    | Learned a level 3 spell: Swiftness
 31696 | Orc:2    | Learned a level 7 spell: Ozocubu's Refrigeration
 31701 | Orc:2    | Learned a level 4 spell: Olgreb's Toxic Radiance
 31857 | Elf:1    | Entered Level 1 of the Elven Halls
 31871 | Elf:1    | Reached XP level 16. HP: 78/108 MP: 10/34
 32029 | Elf:1    | Found a portal to a secret trove of treasure.
 32042 | Elf:1    | Reached skill level 15 in Spellcasting
 32464 | D:15     | Killed mydica's ghost
 32468 | D:15     | Identified the +8 sling of the Omega Point {freeze, Dex+2
                  | SInv}
 33559 | Orc:1    | Bought a scroll of enchant weapon for 120 gold pieces
 34447 | Swamp:1  | Entered Level 1 of the Swamp
 34822 | Swamp:1  | Noticed Frances
 34834 | Swamp:1  | Killed Frances
 34835 | Swamp:1  | Reached skill level 5 in Shields
 35017 | Swamp:1  | Noticed a thorn hunter
 35032 | Swamp:1  | Killed a thorn hunter
 35936 | Swamp:1  | Learned a level 3 spell: Tukima's Dance
 35970 | Swamp:2  | Found a transporter.
 35972 | Swamp:2  | Identified the +5 plate armour of Supple Strength {Str+4
                  | SInv}
 38045 | Orc:2    | Bought a +2 hat for 176 gold pieces
 39032 | Elf:1    | Found a runed translucent door.
 39092 | Elf:1    | Noticed Lutefisk's ghost (adept TeAE)
 40483 | Elf:2    | Found a runed translucent gate.
 40485 | Elf:2    | Found a runed translucent gate.
 40487 | Elf:2    | Found a runed translucent gate.
 41262 | Elf:2    | Slain by a +3 double sword of draining

Illustrated notes

Levels and vault maps discovered:
D:1:      co_arrival_square_in_a_square_in_a_square, layout_basic, minivault_23,
          minmay_misc_feat_room, minmay_fountain_box
D:2:      layout_basic, basic_altar, chequers_ecumenical_altar_simple
D:3:      layout_rooms, tgw_xom, mainiacjoe_overflow_catch_the_wave,
          worldfamousw_hep_ancestral_shrine, serial_shops, shop,
          amcnicky_mini_pool_small, nicolae_hexahallways
D:4:      layout_basic, makhleb_heckhound_becter, uniq_crazy_yiuf_cottage,
          uniq_natasha, uniq_eustachio
D:5:      layout_cave_pools, corexii_corridor_pit, hangedman_decor_points,
          uniq_duvessa, uniq_pikel
D:6:      layout_loops_cross, trog_wizard, fedhas_altar_4,
          minmay_temple_entry_glassed_door, minmay_holes,
          kennysheep_generic_room_11
D:7:      layout_loops_ring, nicolae_tso_besieged_by_evil
D:8:      layout_loops_corners, led_sif_book, marbit_many_paths, serial_shops,
          kennysheep_mini_moat, lemuel_flamethrower_2
D:9:      layout_gridville, yredelemnul_forgotten_temple_becter,
          minmay_splitting_lines
D:10:     nicolae_cairo_tiling_large_dashed, layout_cave_pools,
          mainiacjoe_overflow_cross_hatched, minmay_orc_entry_temple_small,
          serial_shops, shop
D:11:     layout_rooms, dpeg_lair_monsters, zin_angel, uniq_psyche,
          uniq_josephine, uniq_nergalle
D:12:     layout_irregular_city, okawaru_trees_2
D:13:     layout_loops_ring
D:14:     cheibrodos_magma_flow, layout_basic, grunt_vaults_entry_tiered,
          nrook_mini_vaults
D:15:     grunt_enter_depths_giant_problem, layout_basic, gammafunk_ghost_grave,
          grunt_decor_fettered, uniq_louise
Lair:1:   layout_chaotic_city, fungi_pond_lemuel, dreamdust_deal_with_the_devil,
          lemuel_fruit_fields, grunt_megastairs_2, lemuel_fruit_fields
Lair:2:   layout_concentric_octagons, minmay_swamp_entry_worms,
          serial_bayou_pond_a, grunt_megastairs_5, uniq_amaemon, uniq_sonja,
          uniq_maggie, uniq_harold
Lair:3:   layout_regular_city, minmay_snake_entry_spellcaster,
          serial_bayou_shore_a, infiniplex_staircase_pool, uniq_fannar
Lair:4:   gammafunk_boulding_lane, layout_small_grid,
          minmay_slime_entry_jelly_boxes
Lair:5:   hangedman_lair_in_review, layout_layer_cave, grunt_megastairs_1
Swamp:1:  layout_falls_marsh, evilmike_swamp_ruin_wall, uniq_frances
Swamp:2:  layout_falls_marsh, gammafunk_ghost_berserking_beasts,
          evilmike_swamp_ruin_house_4
Orc:1:    gammafunk_beogh_shrine, layout_caves, serial_shops, shop,
          guppyfry_orc_lava_fort, uniq_maurice
Orc:2:    st_orc_town, layout_caves, nicolae_orc_lost_temple
Elf:1:    minmay_elf_arrival_plus, layout_gridlike, gammafunk_ghost_grave,
          nicolae_trove_entry_free_sample, minivault_25,
          nicolae_elf_stone_circles
Elf:2:    nicolae_elf_blades_splatter_lattice
          [nicolae_blade_entry_diamond_columns], layout_rooms

Skill      XL: |  1  2  3  4  5  6  7  8  9 10 11 12 13 14 15 16 |
---------------+-------------------------------------------------+-----
Fire Magic     | 3 4 5 6 8 9 10 11 12 | 12.6
Dodging        | 2 3 4 5 6 |  6.6
Stealth        | 2 3 5 7 8 10 11 12 | 12.8
Spellcasting   | 3 4 5 7 8 9 11 12 13 14 15 | 15.7
Armour         | 1 2 3 4 |  4.8
Fighting       | 1 2 3 4 |  4.8
Short Blades   | 2 3 4 5 6 7 |  7.4
Shields        | 1 2 3 4 5 |  5.4
Evocations     | 1 2 |  2.3
Conjurations   | 3 5 6 8 |  8.6
Earth Magic    | 1 2 4 6 8 |  8.1
Throwing       | 1 |  1.2
Long Blades    | |  0.3
Ranged Weapons | |  0.5
Hexes          | |  0.6

Action                   |  1- 3 |  4- 6 |  7- 9 | 10-12 | 13-15 | 16-18 || total
-------------------------+-------+-------+-------+-------+-------+-------++-------
Melee: Long sword        |    32 |    10 |       |       |       |       ||    42
       Rapier            |       |     5 |    76 |   150 |   395 |    99 ||   725
       Headbutt          |       |     1 |    13 |    17 |    58 |    13 ||   102
       Punch             |       |       |     1 |     4 |       |       ||     5
 Fire: Sling             |       |       |       |       |       |    16 ||    16
Throw: Dart              |       |       |       |     1 |    13 |     3 ||    17
       Throwing net      |       |       |       |       |     6 |       ||     6
 Cast: Foxfire           |    18 |       |     5 |    38 |    22 |     6 ||    89
       Scorch            |    16 |    54 |   128 |   249 |   117 |     3 ||   567
       Inner Flame       |       |       |       |     1 |     1 |       ||     2
       Stone Arrow       |       |       |       |    36 |   585 |   284 ||   905
       Flame Wave        |       |       |       |     3 |    10 |     1 ||    14
Evoke: Wand              |       |       |     2 |    25 |     2 |     1 ||    30
  Use: Potion            |     1 |       |       |     6 |     2 |    10 ||    19
       Scroll            |       |    10 |     9 |    16 |    11 |     2 ||    48
 Stab: Sleeping          |     1 |       |     4 |    15 |    14 |     5 ||    39
       Paralysed         |       |       |    35 |    78 |   193 |    24 ||   330
       Petrified         |       |       |       |       |     1 |       ||     1
Armor: Leather armour    |    15 |    23 |    61 |    19 |       |       ||   118
       Troll leather arm |       |       |       |   120 |   240 |    54 ||   414
Dodge: Dodged            |    37 |    18 |    70 |   121 |   324 |    97 ||   667
Block: Other             |       |       |    29 |    55 |    13 |       ||    97
       Reflection        |       |       |     4 |     3 |    23 |     5 ||    35
       Buckler           |       |       |       |       |   345 |    93 ||   438
